 Dungeon Crawl Stone Soup version 0.31-a0-1111-ga3525b893c (webtiles) character file.

Game seed: 13787870055705574541

2373 kae the Fighter (level 9, -5/74 HPs)
             Began as a Demonspawn Enchanter on Dec 3, 2023.
             Killed from afar by a gargoyle (20 damage)
             ... with a stone arrow
             ... on level 7 of the Dungeon.
             The game lasted 00:09:29 (7087 turns).

kae the Fighter (Demonspawn Enchanter)              Turns: 7087, Time: 00:09:30

Health: -5/74      AC:  2    Str:  9    XL:     9   Next: 21%
Magic:  4/4        EV: 12    Int: 16    God:
Gold:   315        SH:  0    Dex: 17    Spells: 2/13 levels left

rFire   . . .        o - +11 falchion of Dividends {antimagic, +Blink rElec rCorr}
rCold   + . .        (no shield)
rNeg    . . .        b - +0 robe
rPois   .            (no helmet)
rElec   +            (no cloak)
rCorr   +            (no gloves)
SInv    .            (no boots)
Will    .....        (no amulet)
Stlth   +++          C - ring of protection from cold
HPRegen 0.32/turn    (no ring)
MPRegen 0.09/turn

%: no passive effects
@: no status effects
A: hooves 2, ignite blood 1, spiny 1
a: Evoke Blink


You were on level 7 of the Dungeon.
You visited 1 branch of the dungeon, and saw 7 of its levels.

You collected 315 gold pieces.


Innate Abilities, Weirdness & Mutations

You have hoof-like feet.
Your demonic aura sometimes causes spilled blood to erupt in flames.
You are partially covered in sharp spines.


   Skills:
 + Level 8.0 Fighting
 - Level 2.2(5.0) Short Blades
 + Level 7.1(7.3) Long Blades
 - Level 1.7 Dodging
 - Level 3.8 Stealth
 - Level 2.5 Spellcasting
 - Level 3.4 Hexes
 - Level 1.6 Ice Magic


You had 2 spell levels left.
You knew the following spells:

 Your Spells              Type           Power      Damage    Failure   Level
a - Ensorcelled Hibernat  Hex/Ice        20%        N/A       11%         2
b - Confusing Touch       Hex            12%        N/A       14%         3
c - Tukima's Dance        Hex            12%        N/A       14%         3
d - Dazzling Flash        Conj/Hex       14%        N/A       28%         3

Your spell library contained the following spells:

 Spells                   Type           Power      Damage    Failure   Level


Inventory:

Hand Weapons
 a - a +2 dagger
 m - a +1 dagger of electrocution
   (You found it on level 2 of the Dungeon)
 n - a +2 dagger of draining
   (You took it off a kobold on level 2 of the Dungeon)
 o - the +11 falchion of Dividends (weapon) {antimagic, +Blink rElec rCorr}
   (You found it on level 3 of the Dungeon)

   rElec:     It insulates you from electricity.
   +Blink:    It lets you blink.
   rCorr:     It protects you from acid and corrosion.
 y - the +7 falchion "Coogal" {flame, Stlth+}
   (You found it on level 4 of the Dungeon)

   Stlth+:    It makes you more stealthy.
Missiles
 e - 37 stones
 j - 6 poisoned darts
 x - 5 javelins
Armour
 b - a +0 robe (worn)
Magical Staves
 k - a staff of fire {!a}
   (You found it on level 2 of the Dungeon)
 B - a staff of poison {!a}
   (You found it on level 5 of the Dungeon)
Jewellery
 C - a ring of protection from cold (left hand)
   (You found it on level 2 of the Dungeon)
Wands
 p - a wand of mindburst (14)
   (You took it off Ijyb on level 3 of the Dungeon)
 v - a wand of quicksilver (11)
   (You found it on level 6 of the Dungeon)
 w - a wand of charming (8)
   (You found it on level 4 of the Dungeon)
Scrolls
 d - 6 scrolls of teleportation {@r4}
 f - a scroll of enchant weapon
 h - 2 scrolls of revelation
 D - 2 scrolls of fog
Potions
 c - 2 potions of invisibility
 g - 2 potions of heal wounds {@q2}
 i - a potion of magic {unknown}
 l - 2 potions of haste {unknown}
 q - 2 potions of mutation {!q}
 r - 3 potions of curing {unknown}
 s - a potion of attraction {unknown}
 t - 2 potions of might
 u - a potion of brilliance {unknown}
 z - a potion of lignification {unknown}
 A - a potion of resistance {unknown}

Dungeon Overview and Level Annotations

Branches:
Dungeon (7/15) Zot: 26856
 Temple: D:4-7

Altars:
Ashenzari
Hepliaklqana
Trog

Shops:
D:4 **

Annotations:
D:4 2 transporters, DEFE's ghost, novice DsWn

.## #....#######...###
.# #..### ## ###...##
#. .# ...# ##+.+#
#....###..# ##
..###+.....+###.......#
#.......#8#......##
+.................#
....8..............#
+..................#
#......@#8#........#
#+.....9###.........
##+.+##?#........## #
###.......##
####........##
...........##
..........##
........### .......##


You could see a gargoyle.


Message History

Done exploring.
Done exploring.
No target in view!
No target in view!
Done exploring.
No target in view!
No target in view!
Done exploring.
There is a stone staircase leading down here.
You climb downwards.
Found a stone staircase leading down.
There is a stone staircase leading up here.
As you read the scroll labelled HIAVUA VOILOIC, it dissolves into smoke.
It was a scroll of fog.
Unknown command.
Blink to where?
Press: ? - help, Dir - move target, f - you
Okay, then.
As you read the scroll labelled LALIGUOWKE, it crumbles to dust.
It was a scroll of blinking.
Okay, then.
Unknown command.
Okay, then.
Okay, then.
This spell is dangerous to cast!
You start memorising the spell.
You continue memorising. x3
You finish memorising.
Spell assigned to 'd'.
Found an escape hatch in the ceiling.
A white imp comes into view.
A white imp is nearby!
A white imp is nearby!
A white imp is nearby!
The white imp shouts!
The white imp gestures at you. The puff of frost misses you.
A white imp is nearby!
You slash the white imp!
The white imp's magic leaks into the air.
You slash the white imp!
You kill the white imp!
Found a stone staircase leading down.
No target in view!
No target in view!
A bullfrog comes into view.
The bullfrog croaks.
A bullfrog is nearby!
The bullfrog is struck by your spines. The bullfrog hits you.
You completely miss the bullfrog. Your kick misses the bullfrog.
The bullfrog closely misses you. The bullfrog is struck by your spines.
The bullfrog closely misses you. 😕 HP[-5]
You take 5 damage, and now have 69/74 hp.
A bullfrog is nearby!
You slash the bullfrog!
You kill the bullfrog!
Your Fighting skill increases to level 8!
No target in view!
You now have 315 gold pieces (gained 7).
You open the door.
A gargoyle comes into view. It is wielding a +0 mace.
You hit the gargoyle.
You kick the gargoyle, but do no damage.
The gargoyle hits you with a +0 mace!
You slash the gargoyle!
You kick the gargoyle, but do no damage.
The gargoyle hits you with a +0 mace!
A gargoyle is nearby! 😮 HP[-25]
You take 25 damage, and now have 44/74 hp.
MASSIVE DAMAGE!! (PAUSE) Unknown command.
You barely miss the gargoyle.
The gargoyle hurls a stone arrow at you.
The stone arrow hits you!!
* * * LOW HITPOINT WARNING * * *
😨 HP[-22]
You take 22 damage, and now have 22/74 hp.
MASSIVE DAMAGE!! (PAUSE)
You hit the gargoyle but do no damage.
You kick the gargoyle, but do no damage.
The gargoyle barely misses you.
Unknown command.
You slash the gargoyle! Your kick misses the gargoyle.
The gargoyle hits you with a +0 mace!
* * * LOW HITPOINT WARNING * * *
😱 HP[-7]
You take 7 damage, and now have 15/74 hp.
You hit the gargoyle but do no damage.
The gargoyle barely misses you. 😱 HP[+1]
You hit the gargoyle but do no damage.
You kick the gargoyle, but do no damage.
The gargoyle hits you with a +0 mace.
* * * LOW HITPOINT WARNING * * *
😱 HP[-1]
You take 1 damage, and now have 15/74 hp.
You slash the gargoyle!
You kick the gargoyle, but do no damage.
The gargoyle hurls a stone arrow at you.
The stone arrow hits you!!
You die...

Skill      XL: |  1  2  3  4  5  6  7  8  9 |
---------------+----------------------------+-----
Short Blades   | 1 2 |  2.2
Stealth        | 3 |  3.8
Ice Magic      | 1 |  1.6
Fighting       | 1 3 4 5 7 8 |  8.0
Long Blades    | 2 3 4 6 7 |  7.1
Dodging        | |  1.7
Spellcasting   | |  2.5
Hexes          | |  3.4

Action                     |  1- 3 |  4- 6 |  7- 9 || total
---------------------------+-------+-------+-------++-------
  Melee: Dagger            |   113 |    23 |       ||   136
         Kick              |    15 |    13 |    30 ||    58
         Falchion          |       |    53 |   113 ||   166
         Punch             |       |     1 |     3 ||     4
   Cast: Ensorcelled Hiber |     4 |       |       ||     4
         Confusing Touch   |       |     1 |     7 ||     8
    Use: Scroll            |     3 |     1 |     5 ||     9
         Potion            |       |       |     1 ||     1
   Stab: Sleeping          |     7 |     9 |     6 ||    22
         Confused          |       |       |     2 ||     2
         Distracted        |       |       |     1 ||     1
 Armour: Robe              |    52 |    38 |    68 ||   158
  Dodge: Dodged            |    44 |    39 |    60 ||   143

Levels and vault maps discovered:
D:1:      wander_arrival_chamber, layout_basic, st_stairs_13
D:2:      kennysheep_the_goblin_king, layout_basic, uniq_terence
D:3:      minmay_razor_zed, layout_basic, nicolae_hepliaklqana_hazy_memory,
          trog_three_pillars_becter, shapermc_ecumenical_altar_pompeii,
          uniq_robin, uniq_grinder, uniq_ijyb
D:4:      cheibrodos_greedy_goblins, layout_layer_cave,
          ashenzari_conservatory_becter, gammafunk_ghost_arena,
          nicolae_specific_store, uniq_sigmund, uniq_eustachio, uniq_menkaure
D:5:      layout_rooms, nicolae_overflow_crystal_walls, serial_aquarium,
          aquarium_bridge_square [aquarium_subvault_wall,
          aquarium_subvault_bridge, aquarium_subvault_wall,
          aquarium_subvault_wall], aquarium_window_fake, aquarium_window_corner,
          aquarium_view_2a, aquarium_pool_corner, minmay_checkerbox
D:6:      layout_loops_ring
D:7:      cheibrodos_statue_roulette, layout_cave_pods,
          minmay_temple_entry_wispy, dreamdust_gnoll_farm

Notes
Turn   | Place    | Note
-------+----------+-------------------------------------------
     0 | D:1      | kae the Demonspawn Enchanter began the quest for the Orb.
     0 | D:1      | Reached XP level 1. HP: 13/13 MP: 3/3
     0 | D:1      | magus.rc [v1.11.3]
    78 | D:1      | Reached skill level 1 in Short Blades
   348 | D:1      | Gained mutation: You have large cloven feet. [demonic
                  | ancestry]
   348 | D:1      | Reached XP level 2. HP: 10/20 MP: 5/5
   351 | D:1      | Learned a level 2 spell: Ensorcelled Hibernation
   740 | D:1      | Reached skill level 3 in Stealth
  1193 | D:2      | Gained mutation: You are partially covered in sharp spines.
                  | [demonic ancestry]
  1193 | D:2      | Reached XP level 3. HP: 25/25 MP: 6/6
  1589 | D:2      | Reached skill level 1 in Ice Magic
  1590 | D:2      | Reached skill level 1 in Fighting
  1739 | D:2      | Noticed Terence
  1743 | D:2      | Killed Terence
  1744 | D:2      | Gained mutation: Your demonic aura sometimes causes spilled
                  | blood to erupt in flames. [demonic ancestry]
  1744 | D:2      | Reached XP level 4. HP: 29/32 MP: 4/7
  1951 | D:2      | Reached skill level 2 in Short Blades
  2322 | D:3      | Reached XP level 5. HP: 37/37 MP: 8/8
  2381 | D:3      | Identified the +3 mace "Demonbane" {elec, Fragile rElec
                  | Will+ Stlth+}
  2389 | D:3      | Identified the +11 falchion of Dividends {antimagic, +Blink
                  | rElec rCorr}
  2556 | D:3      | Noticed Ijyb
  2564 | D:3      | HP: 7/37 [Ijyb/+0 club (4)]
  2567 | D:3      | Killed Ijyb
  2671 | D:3      | Reached skill level 2 in Fighting
  2720 | D:3      | Reached skill level 1 in Long Blades
  2725 | D:3      | Identified the +1 leather armour "Witzocir" {Str+4 Dex+2
                  | SInv}
  2796 | D:3      | Noticed Robin
  2802 | D:3      | Killed Robin
  2883 | D:3      | Found a bloodstained altar of Trog.
  2887 | D:3      | Noticed Grinder
  2894 | D:3      | Killed Grinder
  2895 | D:3      | Reached skill level 3 in Fighting
  2895 | D:3      | Reached skill level 2 in Long Blades
  2895 | D:3      | Reached XP level 6. HP: 26/47 MP: 3/9
  3268 | D:3      | Found a hazy altar of Hepliaklqana.
  3317 | D:3      | Found a faded altar of an unknown god.
  3498 | D:4      | Learned a level 3 spell: Confusing Touch
  3563 | D:4      | Noticed DEFE's ghost (novice DsWn)
  3564 | D:4      | Noticed a wyvern
  3566 | D:4      | Found a transporter.
  3819 | D:4      | Noticed Eustachio
  3833 | D:4      | Killed Eustachio
  3834 | D:4      | Reached skill level 4 in Fighting
  3834 | D:4      | Reached skill level 3 in Long Blades
  3834 | D:4      | Reached XP level 7. HP: 22/54 MP: 1/10
  3911 | D:4      | Found Lyffiddeocs's General Store.
  3950 | D:4      | Found Sudwikhla's Specific Store.
  3962 | D:4      | Found a transporter.
  3966 | D:4      | Noticed Sigmund
  3980 | D:4      | Killed Sigmund
  4009 | D:4      | Identified the +7 falchion "Coogal" {flame, Stlth+}
  4044 | D:4      | Found a broken altar of Ashenzari.
  4091 | D:4      | Reached skill level 4 in Long Blades
  4161 | D:4      | Noticed Menkaure
  4186 | D:4      | Killed Menkaure
  4187 | D:4      | Reached skill level 5 in Fighting
  4316 | D:4      | Gained mutation: You have hoof-like feet. [demonic
                  | ancestry]
  4316 | D:4      | Reached XP level 8. HP: 63/63 MP: 0/11
  4867 | D:5      | Entered Level 5 of the Dungeon
  5032 | D:5      | Reached skill level 5 in Long Blades
  5044 | D:5      | HP: 6/64 [orc priest/divine providence (13)]
  5046 | D:5      | Reached skill level 6 in Fighting
  5049 | D:5      | HP: 16/64 [shadow imp (4)]
  5256 | D:5      | Learned a level 3 spell: Tukima's Dance
  5541 | D:5      | Reached skill level 6 in Long Blades
  5686 | D:5      | Reached skill level 7 in Fighting
  6133 | D:6      | Reached XP level 9. HP: 58/72 MP: 4/12
  6294 | D:6      | HP: 17/73 [gnoll/+0 whip[a gnoll sergeant] (7)]
  6465 | D:6      | Reached skill level 7 in Long Blades
  6950 | D:7      | Learned a level 3 spell: Dazzling Flash
  7026 | D:7      | Reached skill level 8 in Fighting
  7079 | D:7      | Noticed a gargoyle
  7084 | D:7      | HP: 15/74 [gargoyle/+0 mace (7)]
  7087 | D:7      | Killed from afar by a gargoyle

Vanquished Creatures
  Grinder (D:3)
  Sigmund (D:4)
  Eustachio (D:4)
  Menkaure (D:4)
  2 water moccasins
  3 ice beasts
  A sky beast (D:6)
  3 ogres
  A bullfrog (D:7)
  A gnoll sergeant (D:6)
  2 scorpions
  2 orc priests
  5 hounds
  A jelly (D:5)
  Ijyb (D:3)
  Terence (D:2)
  2 iguanas
  2 orc wizards
  Robin (D:3)
  3 gnolls (D:6)
  9 adders
  A shadow imp (D:5)
  A white imp (D:7)
  2 ufetubi (D:6)
  2 worms
  3 dart slugs
  11 orcs
  7 ball pythons
  5 bats
  10 endoplasms
  A giant cockroach (D:1)
  28 goblins
  14 hobgoblins
  3 jackals (D:4)
  4 quokkas
  8 frilled lizards
  5 kobolds
  6 rats
155 creatures vanquished.

Table legend:
 A = Non-vault XP
 B = Vault XP
 C = Vault XP percentage of total XP
 D = Non-vault monster count
 E = Vault monster count
 F = Vault count percentage of total count
                 A         B        C        D         E       F
            +---------+---------+-------+---------+---------+-------
      Total |    2085 |    1306 |  38.5 |     100 |      55 |  35.5
            +---------+---------+-------+---------+---------+-------
        D:1 |      38 |       1 |   2.6 |      22 |       1 |   4.3
        D:2 |      80 |      52 |  39.4 |      20 |       8 |  28.6
        D:3 |      86 |     378 |  81.5 |       7 |      30 |  81.1
        D:4 |     192 |     628 |  76.6 |      14 |      12 |  46.2
        D:5 |     731 |     247 |  25.3 |      16 |       4 |  20.0
        D:6 |     854 |       0 |   0.0 |      19 |       0 |   0.0
        D:7 |     104 |       0 |   0.0 |       2 |       0 |   0.0
            +---------+---------+-------+---------+---------+-------

Skill      XL: |  1  2  3  4  5  6  7  8  9 |
---------------+----------------------------+-----
Short Blades   | 1 2 |  2.2
Stealth        | 3 |  3.8
Ice Magic      | 1 |  1.6
Fighting       | 1 3 4 5 7 8 |  8.0
Long Blades    | 2 3 4 6 7 |  7.1
Dodging        | |  1.7
Spellcasting   | |  2.5
Hexes          | |  3.4

Action                     |  1- 3 |  4- 6 |  7- 9 || total
---------------------------+-------+-------+-------++-------
  Melee: Dagger            |   113 |    23 |       ||   136
         Kick              |    15 |    13 |    30 ||    58
         Falchion          |       |    53 |   113 ||   166
         Punch             |       |     1 |     3 ||     4
   Cast: Ensorcelled Hiber |     4 |       |       ||     4
         Confusing Touch   |       |     1 |     7 ||     8
    Use: Scroll            |     3 |     1 |     5 ||     9
         Potion            |       |       |     1 ||     1
   Stab: Sleeping          |     7 |     9 |     6 ||    22
         Confused          |       |       |     2 ||     2
         Distracted        |       |       |     1 ||     1
 Armour: Robe              |    52 |    38 |    68 ||   158
  Dodge: Dodged            |    44 |    39 |    60 ||   143

Illustrated notes

Table legend:
 A = Kills in this place as a percentage of kills in the entire game.
 B = Kills by you in this place as a percentage of kills by you in the entire game.
 C = Kills by friends in this place as a percentage of kills by friends in the entire game.
 D = Other kills in this place as a percentage of other kills in the entire game.
 E = Experience gained in this place as a percentage of experience gained in the entire game.
 F = Experience gained in this place divided by the number of levels of this place that you have seen.
                   A       B       C       D       E      F
               +-------+-------+-------+-------+-------+----------------------
         Total | 100.0 | 100.0 |   N/A | 100.0 | 100.0 | 484.4
       Dungeon | 100.0 | 100.0 |   N/A | 100.0 | 100.0 | 484.4
               +-------+-------+-------+-------+-------+----------------------

Table legend: (Time is in decaauts)
 A = Elapsed time spent in this place.
 B = Non-inter-level travel time spent in this place.
 C = Inter-level travel time spent in this place.
 D = Time resting spent in this place.
 E = Time spent auto-exploring this place.
 F = Levels seen in this place.
 G = Mean time per level.
                   A        B        C        D        E       F      G
               +--------+--------+--------+--------+--------+-----+--------+
         Total |   7084 |   6791 |    293 |    445 |   5448 |   7 | 1012.0 |
       Dungeon |   7084 |   6791 |    293 |    445 |   5448 |   7 | 1012.0 |
               +--------+--------+--------+--------+--------+-----+--------+

Top non-repeatable levels by time:
     D:4: 1379 daAuts
     D:1: 1184 daAuts
     D:3: 1180 daAuts
     D:6: 1172 daAuts
     D:2: 1122 daAuts
     D:5: 902 daAuts
     D:7: 143 daAuts
